 Dungeon Crawl Stone Soup version 0.31-a0-174-g85c54bcb58 (webtiles) character file.

Game seed: 11246361955282313797

98 qw the Chopper (level 4, -1/28 HPs)
             Began as a Gargoyle Fighter on June 15, 2023.
             Slain by a gnoll
             ... wielding a +0 flail
              (3 damage)
             ... on level 2 of the Dungeon.
             The game lasted 00:00:35 (939 turns).

qw the Chopper (Gargoyle Fighter)                    Turns: 939, Time: 00:00:36

Health: -1/28      AC: 10    Str: 21    XL:     4   Next: 69%
Magic:  4/4        EV:  9    Int:  9    God:
Gold:   85         SH:  4    Dex:  9    Spells: 3/3 levels left

rFire   . . .        Y - +1 war axe
rCold   . . .        c - +0 buckler
rNeg    + . .        b - +0 scale mail
rPois   inf          (no helmet)
rElec   +            (no cloak)
rCorr   .            (no gloves)
SInv    .            (no boots)
Will    +....        (no amulet) Stlth
                     h - ring of willpower
HPRegen 0.24/turn    (no ring)
MPRegen 0.09/turn

%: no passive effects
@: no status effects
A: sickness immunity, AC +3, negative energy resistance 1, electricity
resistance, torment resistance 1, petrification resistance
a: no special abilities


You were on level 2 of the Dungeon.
You visited 1 branch of the dungeon, and saw 2 of its levels.

You collected 85 gold pieces.


Innate Abilities, Weirdness & Mutations

You are immune to sickness and miasma.
Your stone body is resilient. (AC +3)
You are immune to poison.
You resist negative energy. (rN+)
You are resistant to electric shocks. (rElec)
You are resistant to unholy torment.
You are immune to petrification.


   Skills:
 - Level 3.2 Fighting
 + Level 4.3 Axes
 - Level 3.2 Armour
 - Level 3.2 Shields


You had 3 spell levels left.
You didn't know any spells.
Your spell library was empty.

Inventory:

Hand Weapons
 a - a +0 flail
 Y - a +1 war axe (weapon)
Armour
 b - a +0 scale mail (worn)
 c - a +0 buckler (worn)
Jewellery
 h - a ring of willpower (left hand)
Potions
 d - 3 potions of might
 i - a potion of cancellation
 j - a potion of haste {unknown}
 k - a potion of enlightenment {unknown}
 n - a potion of attraction

Dungeon Overview and Level Annotations

Branches:
Dungeon (2/15)

Altars:


Message History

The gnoll shouts!
You hear a shout!
A gnoll comes into view. It is wielding a +0 spear.
The gnoll hits you but does no damage.
Enter note: You block the gnoll's attack.
You barely miss the gnoll. You block the gnoll's attack.
The gnoll closely misses you.
A gnoll comes into view. It is wielding a +0 flail.
The gnoll shouts!
You slash the gnoll!
The gnoll is severely wounded.
The gnoll completely misses you.
You hit the gnoll.
The gnoll is severely wounded.
The gnoll hits you but does no damage.
You barely miss the gnoll.
The gnoll is severely wounded.
The gnoll barely misses you. x2
You hit the gnoll.
You kill the gnoll!
You hit the gnoll but do no damage. The gnoll hits you with a +0 spear.
You barely miss the gnoll. You completely miss the gnoll.
The gnoll hits you but does no damage. The gnoll hits you with a +0 flail!
You barely miss the gnoll. x2
The gnoll hits you with a +0 spear. The gnoll hits you with a +0 flail.
You slash the gnoll!
The gnoll is heavily wounded.
You closely miss the gnoll. The gnoll closely misses you.
The gnoll hits you with a +0 flail. The gnoll closely misses you.
The gnoll barely misses you.
You barely miss the gnoll.
The gnoll is heavily wounded.
You hit the gnoll. You block the gnoll's attack. The gnoll barely misses you.
You closely miss the gnoll.
The gnoll is heavily wounded.
You barely miss the gnoll. You block the gnoll's attack.
The gnoll hits you with a +0 flail.
You die...

....#....#..#.....#..#....#..####
......#...###.....###. #.#
.......#..#..#...#..# #..#.
..#...###...#.#...###.....
..#..#...#...#...#...#..#
....#.....#..#..#.....#.#
#'###........#####.%......#
....#.....#..#..#.....#.#
..##..#...#...#@g.#...#..# .
#...###...#)#g..###..... #..#
..#...#..# ..## #.# ##.....### .#
#..... # #..... .#...# ...#.


You could see 2 gnolls.

Vanquished Creatures
  An orc priest (D:2)
  A gnoll (D:2)
  2 adders (D:2)
  A worm (D:2)
  A dart slug (D:2)
  2 orcs (D:2)
  2 endoplasms (D:1)
  2 giant cockroaches (D:2)
  6 goblins (D:1)
  2 hobgoblins (D:1)
  4 jackals (D:1)
  2 kobolds (D:1)
  2 ball pythons
  3 bats
  A rat (D:1)
32 creatures vanquished.

Notes
Turn   | Place    | Note
-------+----------+-------------------------------------------
     0 | D:1      | qw the Gargoyle Fighter began the quest for the Orb.
     0 | D:1      | Reached XP level 1. HP: 14/14 MP: 1/1
     0 | D:1      | 0 ||| qw: Version: 0.2-a-29-g511e9b1
     0 | D:1      | 0 ||| qw: Game counter: 5212
     0 | D:1      | 0 ||| qw: Always use a shield: true
     0 | D:1      | 0 ||| qw: God list: Okawaru
     0 | D:1      | 0 ||| qw: Allow faded altars: false
     0 | D:1      | 0 ||| qw: Do Orc after D:15 true
     0 | D:1      | 0 ||| qw: Do second Lair branch before Depths: true
     0 | D:1      | 0 ||| qw: Lair rune preference: random
     0 | D:1      | 0 ||| qw: Plans: Normal, Zot:1-4, Slime:5, God:TSO, Crypt,
                  | Tomb, Abyss, Pan, Hells, Win
     0 | D:1      | 0 ||| PLANNING D:1-11
   118 | D:1      | Reached skill level 2 in Axes
   251 | D:1      | Reached XP level 2. HP: 16/19 MP: 2/2
   416 | D:1      | Reached skill level 3 in Axes
   552 | D:1      | Reached XP level 3. HP: 18/23 MP: 3/3
   686 | D:1      | 686 ||| UPGRADING to ring of willpower.
   687 | D:1      | 687 ||| READING scroll labelled HUTUJE XALUE.
   688 | D:1      | 688 ||| READING 2 scrolls labelled YKHLIANELOCW.
   689 | D:1      | 689 ||| READING scroll labelled CAPNA BO VEQOS.
   690 | D:1      | 690 ||| DRINKING 2 orange potions.
   691 | D:1      | 691 ||| DRINKING 2 viscous yellow potions.
   700 | D:1      | 700 ||| DRINKING 2 blue potions.
   701 | D:1      | 701 ||| DROPPING scroll of noise.
   702 | D:1      | 702 ||| DROPPING potion of ambrosia.
   813 | D:2      | 813 ||| DROPPING +0 club.
   816 | D:2      | 816 ||| Stepping ~*~*~tactically~*~*~ (stealth).
   817 | D:2      | 817 ||| Stepping ~*~*~tactically~*~*~ (stealth).
   830 | D:2      | Reached skill level 4 in Axes
   830 | D:2      | Reached XP level 4. HP: 21/28 MP: 4/4
   859 | D:2      | 859 ||| Stepping ~*~*~tactically~*~*~ (stealth).
   878 | D:2      | 878 ||| Stepping ~*~*~tactically~*~*~ (stealth).
   924 | D:2      | 924 ||| Stepping ~*~*~tactically~*~*~ (stealth).
   925 | D:2      | 925 ||| Stepping ~*~*~tactically~*~*~ (stealth).
   926 | D:2      | 926 ||| Stepping ~*~*~tactically~*~*~ (stealth).
   936 | D:2      | HP: 7/28 [gnoll/+0 flail (5)]
   937 | D:2      | HP: 2/28 [gnoll/+0 flail (6)]
   939 | D:2      | Slain by a gnoll

Levels and vault maps discovered:
D:1:      wander_arrival_estate, layout_loops_ring
D:2:      layout_basic, minmay_splitting_lines, minivault_14

Skill      XL: |  1  2  3 |
---------------+----------+-----
Axes           | 2 3 4 |  4.3
Fighting       | |  3.2
Armour         | |  3.2
Shields        | |  3.2

Action                     |  1- 3 |  4- 6 || total
---------------------------+-------+-------++-------
  Melee: War axe           |    81 |    18 ||    99
    Use: Scroll            |     3 |       ||     3
         Potion            |     3 |       ||     3
 Armour: Scale mail        |    45 |     7 ||    52
  Dodge: Dodged            |    44 |    14 ||    58
  Block: Buckler           |    17 |     5 ||    22

Table legend:
 A = Non-vault XP
 B = Vault XP
 C = Vault XP percentage of total XP
 D = Non-vault monster count
 E = Vault monster count
 F = Vault count percentage of total count
                 A         B        C        D         E       F
            +---------+---------+-------+---------+---------+-------
      Total |     140 |       0 |   0.0 |      32 |       0 |   0.0
            +---------+---------+-------+---------+---------+-------
        D:1 |      36 |       0 |   0.0 |      20 |       0 |   0.0
        D:2 |     104 |       0 |   0.0 |      12 |       0 |   0.0
            +---------+---------+-------+---------+---------+-------
